Map: Persephone LE

Players

bones

  • Race: Terran Terran
  • Spawn Location: 7:00

A.I. 1 (Very Easy)

  • Race: Zerg Zerg
  • Spawn Location: 11:00

VOD

Have the link to the VOD?

Description

Time

  • Played on: Aug. 9, 2025, 5:01 p.m.
  • Length: 7:58
Show
View Real Time Build Order
Export as new Build Order

bones Terran 

Build Orders: Reaper Expand 

Get SALT Encoding   

  12  0:00  SCV  
  13  0:12  SCV  
  14  0:18  Supply Depot  
  14  0:24  SCV  
  15  0:39  SCV  
  15  0:41  Barracks  
  16  0:46  Refinery  
  16  0:52  SCV  
  17  1:04  SCV  
  18  1:16  SCV  
  19  1:28  Orbital Command  
  19  1:29  Reaper  
  20  1:39  Command Center  
  20  1:51  Supply Depot  
  20  1:54  SCV  
  21  2:01  Marine  
  22  2:09  Factory  
  22  2:16  SCV  
  23  2:28  SCV  
  23  2:29  Barracks Reactor  
  24  2:32  Bunker  
  24  2:35  Refinery  
  24  2:40  SCV  
  25  2:53  SCV  
  26  2:59  SCV  
  27  3:06  Starport  
  27  3:14  Barracks Tech Lab  
  27  3:15  Orbital Command  
  27  3:16  SCV  
  27  3:21  Hellion x2  
  31  3:28  SCV  
  32  3:39  Stimpack  
  32  3:40  Marine, SCV  
  34  3:53  Supply Depot  
  34  3:56  SCV x2  
  34  3:58  Marine  
  37  4:08  Hellion x2, SCV x2  
  43  4:10  Liberator  
  43  4:16  Marine  
  47  4:18  Command Center  
  47  4:21  SCV x2  
  49  4:32  Hellion x2  
  49  4:33  SCV  
  54  4:56  Supply Depot  
  54  4:59  Starport Reactor  
  54  5:05  Factory Tech Lab  
  54  5:09  Barracks  
  54  5:11  Barracks, Engineering Bay  
  54  5:12  Engineering Bay  
  54  5:18  SCV x2  
  56  5:22  Supply Depot  
  56  5:30  SCV x2  
  56  5:32  Siege Tank  
  56  5:33  Combat Shield  
  56  5:34  Marine  
  62  5:42  SCV x2  
  64  5:44  Supply Depot  
  64  5:48  Starport Reactor  
  65  5:52  Refinery, Marine  
  65  5:54  Refinery, Orbital Command, SCV  
  66  6:00  Supply Depot  
  66  6:03  SCV  
  67  6:06  SCV  
  67  6:10  Marine  
  69  6:13  Orbital Command  
  69  6:22  Supply Depot  
  69  6:26  Marine x2  
  69  6:28  Marine  
  69  6:32  Siege Tank, Medivac x2  
  79  6:38  SCV x3  
  82  6:44  Marine x2  
  82  6:45  Marine  
  82  6:46  Supply Depot  
  85  6:48  Marine x2  
  85  6:50  SCV x2  
  89  7:02  Marine x2, Medivac x2  
  89  7:03  Marine  
  89  7:05  Marine  
  89  7:06  Marine  
  98  7:19  Marine  
  99  7:28  Supply Depot  
  99  7:29  Marine x4  
  106  7:37  Marine  
  106  7:43  Barracks  
  107  7:45  Barracks, Starport Reactor  
  107  7:49  Barracks  
Show
View Real Time Build Order
Export as new Build Order

A.I. 1 (Very Easy) Zerg 

Build Orders: Hatch First 

Get SALT Encoding   

  12  0:01  Drone  
  13  0:12  Overlord  
  13  0:16  Drone  
  14  0:42  Hatchery  
  13  0:43  Drone  
  14  1:01  Spawning Pool  
  14  1:03  Drone  
  14  1:08  Extractor  
  14  1:10  Drone  
  14  1:18  Overlord  
  14  1:48  Zergling x2  
  14  1:49  Queen  
  14  1:50  Zergling x2  
  18  2:01  Roach Warren  
  18  2:03  Extractor  
  18  2:07  Drone  
  17  2:14  Drone  
  18  2:17  Zergling x2  
  18  2:21  Drone  
  20  2:28  Drone  
  21  2:36  Drone  
  22  2:43  Drone  
  23  2:50  Drone  
  24  2:57  Drone  
  25  3:05  Drone  
  26  3:09  Overlord, Roach  
  28  3:14  Drone  
  29  3:21  Drone  
  30  3:28  Drone  
  31  3:35  Drone  
  32  3:42  Drone  
  32  3:45  Overlord  
  33  3:49  Drone  
  33  3:53  Lair  
  34  3:57  Drone  
  34  4:01  Roach  
  37  4:04  Drone  
  38  4:11  Drone  
  39  4:18  Drone  
  40  4:25  Drone  
  40  4:27  Overlord  
  41  4:33  Drone  
  42  4:40  Drone  
  43  4:47  Drone  
  43  4:52  Overseer  
  44  4:53  Extractor  
  44  4:54  Overseer, Drone, Roach  
  46  5:01  Drone  
  46  5:02  Extractor  
  46  5:09  Drone  
  47  5:16  Drone  
  48  5:24  Drone  
  49  5:31  Drone  
  50  5:38  Drone  
  51  5:46  Roach  
  53  7:46  Drone  
Tags
 
Add a new tag
Caveats
  • Supply blocks, unpowered buildings, or Contaminate may cause inaccurate times.
  • Supply counts are checked every 10 seconds.